 Dungeon Sprint DCSS version 0.21.2 (webtiles) character file.

1525 Flooderbenga the Reanimator (level 8, -6/65 HPs)
             Began as a Gnoll Necromancer on Oct 13, 2018.
             Was a Follower of Cheibriados.
             Mangled by a hornet (16 damage)
             ... in the Dungeon (Sprint II: "The Violet Keep of Menkaure") on Oct 18, 2018.
             The game lasted 00:57:41 (751 turns).

Flooderbenga the Reanimator (Gnoll Necromancer)      Turns: 751, Time: 00:57:42

Health: -6/65      AC:  2    Str: 19    XL:     8   Next: 84%
Magic:  4/20       EV: 19    Int: 22    God:    Cheibriados [*.....]
Gold:   32         SH:  0    Dex: 19    Spells: 5/24 levels left

rFire    . . .     SeeInvis +   f - +7 quarterstaff "Zyusoipp" {crush, +Fly rPois MR- SInv}
rCold    . . .     Gourm    .   (shield currently unavailable)
rNeg     . . .     Faith    .   a - +0 robe
rPois    +         Spirit   .   (no helmet)
rElec    .         Reflect  .   (no cloak)
rCorr    .         Harm     .   (no gloves)
MR       .....     NoTele   +   (no boots)
Stlth    ++++......             (no amulet)
HPRegen  0.20/turn              (no ring)
MPRegen  0.17/turn              (no ring)

@: mighty, very slow
A: distributed training, fangs 1, strong nose
a: Bend Time, Renounce Religion, Evoke Flight


You were in the Dungeon.
You worshipped Cheibriados.
Cheibriados was aware of your devotion.
You were not hungry.

You visited 1 branch You collected 982 gold pieces.
You spent 950 gold pieces at shops.

Inventory:

Hand Weapons
 f - the +7 quarterstaff "Zyusoipp" (weapon) {crush, +Fly rPois MR- SInv}
   (You bought it in a shop in the Dungeon)

   It inflicts extra damage upon your enemies.
   It protects you from poison.
   It affects your resistance to hostile enchantments.
   It lets you see invisible.
   It lets you fly.
 h - a +0 spear
Armour
 a - a +0 robe (worn)
Scrolls
 i - a scroll of blinking {@r4}
Potions
 e - a potion of heal wounds {@q2}
 g - a potion of magic
 q - a potion of curing {@q1}
Books
 b - a book of Necromancy

   Spells                             Type                      Level
   a - Pain                           Necromancy                   1
   b - Animate Skeleton               Necromancy                   1
   c - Vampiric Draining              Necromancy                   3
   d - Regeneration                   Charms/Necromancy            3
   e - Animate Dead                   Necromancy                   4
   f - Borgnjor's Vile Clutch         Necromancy/Earth             5
 d - a book of Beasts

   Spells                             Type                      Level
   a - Summon Butterflies             Summoning                    1
   b - Call Canine Familiar           Summoning                    3
   c - Summon Ice Beast               Ice/Summoning                4
   d - Summon Mana Viper              Hexes/Summoning              5
   e - Summon Hydra                   Summoning                    7
Comestibles
 c - a ration


   Skills:
 + Level 6.8 Fighting
 + Level 6.8 Short Blades
 + Level 6.8 Long Blades
 + Level 6.8 Axes
 + Level 6.8 Maces & Flails
 + Level 6.8 Polearms
 + Level 6.8 Staves
 + Level 6.8 Slings
 + Level 6.8 Bows
 + Level 6.8 Crossbows
 + Level 6.8 Throwing
 + Level 6.8 Armour
 + Level 8.3 Dodging
 + Level 8.1 Stealth
 + Level 6.8 Shields
 + Level 6.8 Unarmed Combat
 + Level 8.5 Spellcasting
 + Level 5.6 Conjurations
 + Level 5.6 Hexes
 + Level 5.6 Charms
 + Level 5.6 Summonings
 + Level 9.2 Necromancy
 + Level 5.6 Translocations
 + Level 5.6 Transmutations
 + Level 5.6 Fire Magic
 + Level 5.6 Ice Magic
 + Level 5.6 Air Magic
 + Level 5.6 Earth Magic
 + Level 5.6 Poison Magic
 + Level 7.5 Invocations
 + Level 6.8 Evocations


You had 5 spell levels left.
You knew the following spells:

 Your Spells              Type           Power        Failure   Level  Hunger
a - Pain                  Necr           ####         1%          1    None
b - Animate Skeleton      Necr           N/A          1%          1    None
c - Animate Dead          Necr           N/A          1%          4    ###....
d - Borgnjor's Vile Clut  Necr/Erth      #####.....   9%          5    #####..
e - Summon Mana Viper     Hex/Summ       ####....     19%         5    #####..
r - Regeneration          Chrm/Necr      #####.....   1%          3    None


Dungeon Overview and Level Annotations

Branches:
Dungeon (1/1)

Altars:
Cheibriados
Dithmenos
Elyvilon
Fedhas
Gozag
Hepliaklqana
Kikubaaqudgha
Makhleb
Nemelex Xobeh
Okawaru
Qazlal
Ru
Sif Muna
Trog
Uskayaw
Vehumet
Wu Jian
Xom
Yredelemnul
Zin
The Shining One
Beogh
Jiyva
Lugonu

Shops:
D [=:}=%(??![*:!=%

Annotations:
D exclusions: deep elf master archer, kobold demonologist, oklob plant, skeletal warrior and 1 more exclusion, Kirke, Roxanne


Innate Abilities, Weirdness & Mutations

Your experience applies equally to all skills.
You have very sharp teeth.
Your uncanny sense of smell can sniff out nearby items.


Message History

You take 16 damage, and have 10/65 hp.
MASSIVE DAMAGE!!
Okay, then.
Unknown command.
Press < or > to pray at altars.
Unknown command.
Press < or > to pray at altars.
You feel very mighty all of a sudden.
Your skin stops crawling.
The hornet barely misses you. The yaktaur completely misses you.
The hornet completely misses you.
Your polar bear zombie closely misses the hornet.
Your polar bear zombie barely misses the hornet.
Your polar bear zombie misses the hornet.
You closely miss the hornet. The hornet closely misses you.
The yaktaur closely misses you.
Here: a hornet (severely wounded)
The floor.
Here: a yaktaur An iron altar of Okawaru.
You barely miss the hornet. The hornet stings you!
You die...

.#####..##*##..#*$#*∆[((,,,,**,,,
'###.##..#,,+..#,.#▓)(!$[,,,**,,,
.##...#..#∆,#.^#,.#▓$$!$$!,,**,⌠,
<.'.#.'..####..##.#▓![(([)%,**,,,
.##...#....###...##▓▓▓▓▓▓▓+****+*
'###.##......≈≈≈Z≈≈≈≈≈≈≈≈≈,,,≈≈≈*
#.####≈≈.....≈#Z########+###,≈≈≈*
#Z.#≈≈≈≈≈≈§§.≈#cy_.....#≈§≈##≈≈≈*
%.##≈≈≈≈≈§≈≈§≈#.@._....#≈§≈≈#****
'##≈≈≈§≈§≈§≈§≈#_._._...#t§§§§**,,
≈≈≈≈≈§≈§≈≈§≈≈≈#._._._..#t§§§§≈*,,
#+++#≈≈≈§§≈§≈≈#_._._._.#≈§§§§≈+,,
;;;§##≈≈≈###§§#._._._._#≈§§§§≈*,,
;;≈§≈##≈≈#∆#≈≈#.._._._.#§≈§§≈≈*,,
≈§≈§≈≈+≈≈#+#≈≈#._._._..#§≈§§▓****
≈§§≈§##≈§≈≈≈≈≈##########≈≈§≈▓,,,≈
§§§§##***######≈≈≈≈≈≈≈≈≈≈§≈≈▓,,,≈


You could see a yaktaur, a hornet and 2 friendly polar bear zombies.

Vanquished Creatures
  A polar bear (D)
  2 hippogriffs (D)
  Menkaure (D)
  4 necrophages (D)
  4 worker ants (D)
12 creatures vanquished.

Vanquished Creatures (collateral kills)
  A merfolk siren (D)
  2 polar bears (D)
  A hell rat (D)
4 creatures vanquished.

Vanquished Creatures (others)
  A crocodile (D)
1 creature vanquished.

Grand Total: 17 creatures vanquished

Notes
Turn   | Place    | Note
-------+----------+-------------------------------------------
     0 | D        | Flooderbenga the Gnoll Necromancer began the quest for the Orb.
     0 | D        | Reached XP level 1. HP: 13/13 MP: 6/6
     2 | D        | Learned a level 1 spell: Animate Skeleton
     3 | D        | Noticed a worker ant
     3 | D        | Noticed a worker ant
     7 | D        | Killed a worker ant
     7 | D        | Reached skill level 1 in Fighting
     7 | D        | Reached skill level 1 in Short Blades
     7 | D        | Reached skill level 1 in Long Blades
     7 | D        | Reached skill level 1 in Axes
     7 | D        | Reached skill level 1 in Maces & Flails
     7 | D        | Reached skill level 1 in Polearms
     7 | D        | Reached skill level 1 in Staves
     7 | D        | Reached skill level 1 in Slings
     7 | D        | Reached skill level 1 in Bows
     7 | D        | Reached skill level 1 in Crossbows
     7 | D        | Reached skill level 1 in Throwing
     7 | D        | Reached skill level 1 in Armour
     7 | D        | Reached skill level 1 in Shields
     7 | D        | Reached skill level 1 in Unarmed Combat
     7 | D        | Reached skill level 5 in Spellcasting
     7 | D        | Reached skill level 1 in Conjurations
     7 | D        | Reached skill level 1 in Hexes
     7 | D        | Reached skill level 1 in Charms
     7 | D        | Reached skill level 1 in Summonings
     7 | D        | Reached skill level 1 in Translocations
     7 | D        | Reached skill level 1 in Transmutations
     7 | D        | Reached skill level 1 in Fire Magic
     7 | D        | Reached skill level 1 in Ice Magic
     7 | D        | Reached skill level 1 in Air Magic
     7 | D        | Reached skill level 1 in Earth Magic
     7 | D        | Reached skill level 1 in Poison Magic
     7 | D        | Reached skill level 1 in Invocations
     7 | D        | Reached skill level 1 in Evocations
     7 | D        | Reached XP level 2. HP: 18/21 MP: 4/8
    67 | D        | Reached skill level 5 in Dodging
    67 | D        | Reached XP level 3. HP: 22/27 MP: 3/9
    72 | D        | Reached XP level 4. HP: 13/34 MP: 8/11
    78 | D        | Learned a level 4 spell: Animate Dead
    82 | D        | Learned a level 3 spell: Regeneration
   275 | D        | Killed a crocodile
   283 | D        | Reached skill level 5 in Stealth
   331 | D        | Noticed Roxanne
   333 | D        | Noticed Menkaure
   338 | D        | Killed Menkaure
   338 | D        | Reached XP level 5. HP: 42/42 MP: 10/13
   353 | D        | Learned a level 5 spell: Borgnjor's Vile Clutch
   357 | D        | Found Ytogiwul's Jewellery Boutique.
   357 | D        | Found Nuthutij's Food Shop.
   358 | D        | Found Doinegim's Book Boutique.
   358 | D        | Found Ygixzam's Distillery.
   359 | D        | Found Koghoyt's Antique Armour Boutique.
   359 | D        | Found Gokyriy Ynwe's General Store.
   360 | D        | Found Jaukki's Distillery.
   374 | D        | Found an iron altar of Okawaru.
   374 | D        | Found a radiant altar of Vehumet.
   375 | D        | Found a sparkling altar of Nemelex Xobeh.
   375 | D        | Found a hide-covered altar of Uskayaw.
   375 | D        | Found a glowing silver altar of Zin.
   380 | D        | Noticed a merfolk siren
   385 | D        | Killed a merfolk siren
   385 | D        | Reached skill level 5 in Fighting
   385 | D        | Reached skill level 5 in Short Blades
   385 | D        | Reached skill level 5 in Long Blades
   385 | D        | Reached skill level 5 in Axes
   385 | D        | Reached skill level 5 in Maces & Flails
   385 | D        | Reached skill level 5 in Polearms
   385 | D        | Reached skill level 5 in Staves
   385 | D        | Reached skill level 5 in Slings
   385 | D        | Reached skill level 5 in Bows
   385 | D        | Reached skill level 5 in Crossbows
   385 | D        | Reached skill level 5 in Throwing
   385 | D        | Reached skill level 5 in Armour
   385 | D        | Reached skill level 5 in Shields
   385 | D        | Reached skill level 5 in Unarmed Combat
   385 | D        | Reached skill level 8 in Necromancy
   385 | D        | Reached skill level 5 in Invocations
   385 | D        | Reached skill level 5 in Evocations
   385 | D        | Reached XP level 6. HP: 23/51 MP: 6/16
   385 | D        | Reached XP level 7. HP: 26/56 MP: 6/17
   460 | D        | Noticed Kirke
   460 | D        | Noticed a kobold demonologist
   460 | D        | Noticed a skeletal warrior
   523 | D        | Found Xaecor's Magic Scroll Boutique.
   523 | D        | Found Zofoq's Magic Scroll Shop.
   524 | D        | Found Nynub's Antique Weapon Shop.
   524 | D        | Found Juinnoef's Food Boutique.
   525 | D        | Noticed a great orb of eyes
   529 | D        | Noticed a hippogriff
   529 | D        | Noticed a hippogriff
   532 | D        | Found Pyijaf's Jewellery Boutique.
   532 | D        | Found Exynozosch's Gadget Shop.
   532 | D        | Noticed an oklob plant
   534 | D        | Found Jeijie's Jewellery Shop.
   534 | D        | Found Adwin's Book Shoppe.
   534 | D        | Found Keiss's Antique Armour Boutique.
   535 | D        | Killed a hippogriff
   535 | D        | Reached skill level 5 in Conjurations
   535 | D        | Reached skill level 5 in Hexes
   535 | D        | Reached skill level 5 in Charms
   535 | D        | Reached skill level 5 in Summonings
   535 | D        | Reached skill level 5 in Translocations
   535 | D        | Reached skill level 5 in Transmutations
   535 | D        | Reached skill level 5 in Fire Magic
   535 | D        | Reached skill level 5 in Ice Magic
   535 | D        | Reached skill level 5 in Air Magic
   535 | D        | Reached skill level 5 in Earth Magic
   535 | D        | Reached skill level 5 in Poison Magic
   535 | D        | Reached XP level 8. HP: 63/64 MP: 3/20
   544 | D        | Killed a hippogriff
   559 | D        | Noticed a polar bear
   567 | D        | Noticed a manticore
   574 | D        | Noticed a manticore
   576 | D        | Noticed a polar bear
   579 | D        | Noticed a manticore
   589 | D        | Bought a book of Beasts for 660 gold pieces
   592 | D        | Bought a scroll of magic mapping for 42 gold pieces
   594 | D        | Bought a smoking quarterstaff for 162 gold pieces
   594 | D        | Identified the +7 quarterstaff "Zyusoipp" {crush, +Fly rPois MR- SInv} (You bought it in a shop in the Dungeon)
   600 | D        | Bought a scroll of fear for 42 gold pieces
   605 | D        | Bought a potion of might for 44 gold pieces
   623 | D        | Learned a level 5 spell: Summon Mana Viper
   646 | D        | Found a basalt altar of Yredelemnul.
   647 | D        | Found an opulent altar of Gozag.
   647 | D        | Found a burning altar of Makhleb.
   647 | D        | Found a bloodstained altar of Trog.
   649 | D        | Found a blossoming altar of Fedhas.
   649 | D        | Found a corrupted altar of Lugonu.
   649 | D        | Found a deep blue altar of Sif Muna.
   650 | D        | Found a white marble altar of Elyvilon.
   650 | D        | Found an ancient bone altar of Kikubaaqudgha.
   651 | D        | Found a shadowy altar of Dithmenos.
   651 | D        | Found a viscous altar of Jiyva.
   652 | D        | Found a snail-covered altar of Cheibriados.
   653 | D        | Found a roughly hewn altar of Beogh.
   653 | D        | Noticed a polar bear
   662 | D        | Noticed a deep elf master archer
   708 | D        | Noticed a yaktaur
   708 | D        | Noticed a hornet
   711 | D        | Found a shimmering altar of Xom.
   711 | D        | Found a sacrificial altar of Ru.
   711 | D        | Found a hazy altar of Hepliaklqana.
   712 | D        | Noticed a polar bear
   712 | D        | Found a glowing golden altar of the Shining One.
   712 | D        | Found an ornate altar of the Wu Jian Council.
   712 | D        | Found a stormy altar of Qazlal.
   713 | D        | Noticed a polar bear
   718 | D        | Became a worshipper of Cheibriados the Contemplative
   724 | D        | Killed a polar bear
   724 | D        | Reached skill level 9 in Necromancy
   730 | D        | Killed a polar bear
   730 | D        | Reached * piety under Cheibriados
   739 | D        | Killed a polar bear
   751 | D        | Mangled by a hornet

Skill      XL: |  1  2  3  4  5  6  7  8 |
---------------+-------------------------+-----
Fighting       | 1 2 3 5 6 |  6.8
Short Blades   | 1 2 3 5 6 |  6.8
Long Blades    | 1 2 3 5 6 |  6.8
Axes           | 1 2 3 5 6 |  6.8
Maces & Flails | 1 2 3 5 6 |  6.8
Polearms       | 1 2 3 5 6 |  6.8
Staves         | 1 2 3 5 6 |  6.8
Slings         | 1 2 3 5 6 |  6.8
Bows           | 1 2 3 5 6 |  6.8
Crossbows      | 1 2 3 5 6 |  6.8
Throwing       | 1 2 3 5 6 |  6.8
Armour         | 1 2 3 5 6 |  6.8
Shields        | 1 2 3 5 6 |  6.8
Unarmed Combat | 1 2 3 5 6 |  6.8
Spellcasting   | 5 6 7 8 |  8.5
Conjurations   | 1 2 3 4 5 |  5.6
Hexes          | 1 2 3 4 5 |  5.6
Charms         | 1 2 3 4 5 |  5.6
Summonings     | 1 2 3 4 5 |  5.6
Translocations | 1 2 3 4 5 |  5.6
Transmutations | 1 2 3 4 5 |  5.6
Fire Magic     | 1 2 3 4 5 |  5.6
Ice Magic      | 1 2 3 4 5 |  5.6
Air Magic      | 1 2 3 4 5 |  5.6
Earth Magic    | 1 2 3 4 5 |  5.6
Poison Magic   | 1 2 3 4 5 |  5.6
Invocations    | 1 2 4 5 6 7 |  7.5
Evocations     | 1 2 3 5 6 |  6.8
Dodging        | 5 6 7 8 |  8.3
Stealth        | 5 6 7 8 |  8.1
Necromancy     | 8 9 |  9.2

Action                   |  1- 3 |  4- 6 |  7- 9 || total
-------------------------+-------+-------+-------++-------
Melee: Unarmed           |       |     4 |       ||     4
       Bite              |       |     1 |     5 ||     6
       Spear             |       |       |    23 ||    23
       Quarterstaff      |       |       |    10 ||    10
 Cast: Pain              |    11 |     7 |     5 ||    23
       Animate Dead      |       |     2 |     1 ||     3
       Borgnjor's Vile C |       |     1 |     4 ||     5
       Animate Skeleton  |       |     1 |     3 ||     4
       Regeneration      |       |       |     3 ||     3
       Summon Mana Viper |       |       |     2 ||     2
  Use: Potion            |     1 |     1 |     2 ||     4
       Scroll            |       |       |     2 ||     2
 Stab: Distracted        |       |       |     1 ||     1
       Sleeping          |       |       |     1 ||     1
  Eat: Chunk             |       |       |     2 ||     2
Dodge: Dodged            |     4 |     3 |    25 ||    32
